 Dungeon Crawl Stone Soup version 0.27.1-33-g824d729ab1 (webtiles) character file.

Game seed: 10363836329430789372

10 dianekeaton the Cudgeller (level 2, 26/27 HPs)
             Began as a Minotaur Berserker on Dec 6, 2021.
             Was a Follower of Trog.
             Quit the game on level 1 of the Dungeon.
             The game lasted 00:00:55 (528 turns).

dianekeaton the Cudgeller (Minotaur Berserker)       Turns: 528, Time: 00:00:55

Health: 26/27      AC:  5    Str: 21    XL:     2   Next: 10%
Magic:  1/1        EV: 11    Int:  4    God:    Trog [*.....]
Gold:   26         SH:  0    Dex:  9    Spells: 1/1 levels left

rFire    . . .     SeeInvis .   a - +0 mace
rCold    . . .     Faith    .   (no shield)
rNeg     . . .     Spirit   .   c - +0 ring mail
rPois    .         Reflect  .   (helmet restricted)
rElec    .         Harm     .   (no cloak)
rCorr    .         Rampage  .   (no gloves)
Will     .....                  (no boots)
Stlth    ..........             (no amulet)
HPRegen  0.09/turn              (no ring)
MPRegen  0.07/turn              (no ring)

@: no status effects
A: horns 2, retaliatory headbutt
a: Renounce Religion, Berserk


You were on level 1 of the Dungeon.
You worshipped Trog.
Trog was aware of your devotion.
You visited 1 branch of the dungeon, and saw 1 of its levels.

You collected 26 gold pieces.

Inventory:

Hand Weapons
 a - a +0 mace (weapon)
Armour
 c - a +0 ring mail (worn)
Scrolls
 b - a scroll of silence {unknown}
 d - a scroll of identify {unknown}


   Skills:
 + Level 3.9 Fighting
 + Level 4.0 Maces & Flails
 + Level 2.5 Armour
 + Level 2.3 Dodging


You had one spell level left.
You didn't know any spells.
Your spell library was empty.

Dungeon Overview and Level Annotations

Branches:
Dungeon (1/15)

Altars:


Innate Abilities, Weirdness & Mutations

You have a pair of horns on your head.
You reflexively headbutt those who attack you in melee.


Message History

The frilled lizard bites you but does no damage.
The frilled lizard closely misses you.
You miss the frilled lizard. The frilled lizard closely misses you.
You closely miss the frilled lizard. The frilled lizard misses you.
You hit the frilled lizard.
You kill the frilled lizard!
Trog accepts your kill. The frilled lizard bites you.
You see here a frilled lizard corpse.
The frilled lizard bites you.
You barely miss the frilled lizard.
Your headbutt misses the frilled lizard.
The frilled lizard closely misses you.
You closely miss the frilled lizard.
The frilled lizard bites you but does no damage.
The frilled lizard closely misses you.
You closely miss the frilled lizard.
The frilled lizard bites you but does no damage.
You closely miss the frilled lizard.
The frilled lizard bites you but does no damage.
You hit the frilled lizard.
You kill the frilled lizard!
Trog accepts your kill.
You have reached level 2!
You see here a frilled lizard corpse.
Found a mace.
A quokka comes into view.
You sock the quokka!
You kill the quokka!
Trog accepts your kill.
Your Maces & Flails skill increases to level 4!
A kobold comes into view. It is wielding a +0 whip.
The kobold shouts!
The kobold hits you with a +0 whip.
You closely miss the kobold. The kobold barely misses you.
You sock the kobold!
You kill the kobold!
Trog accepts your kill.
You see here a +0 whip.
Are you sure you want to abandon this character and quit the game? (Confirm with "yes".)

#.......#.. #.#
#.###.#..†. ...
#.#.##. #.#
#.#.##. #.#
##.#.##. #..
.(...... #.#
........ #.#
........ #@#
####.### #.# #.#..
#.######## # #.#
#........# #.#.
#......###.##
#.#.#
#....###....#
#....
#...###......#
###..
#.###).......#
##.. #.
.###......#####...


There were no monsters in sight!

Vanquished Creatures
  A giant cockroach (D:1)
  2 goblins (D:1)
  2 hobgoblins (D:1)
  A quokka (D:1)
  2 frilled lizards (D:1)
  A kobold (D:1)
9 creatures vanquished.

Notes
Turn   | Place    | Note
-------+----------+-------------------------------------------
     0 | D:1      | dianekeaton the Minotaur Berserker began the quest for the
                  | Orb.
     0 | D:1      | Reached XP level 1. HP: 19/19 MP: 0/0
   438 | D:1      | Reached XP level 2. HP: 20/27 MP: 1/1
   520 | D:1      | Reached skill level 4 in Maces & Flails
   528 | D:1      | Quit the game

Illustrated notes

Levels and vault maps discovered:
D:1:      scummos_arrival_forest, layout_loops_ring, minmay_unequal

Skill      XL: |  1  2 |
---------------+-------+-----
Maces & Flails | 4 |  4.0
Fighting       | |  3.9
Armour         | |  2.5
Dodging        | |  2.3

Action                   || total
-------------------------++-------
Melee: Mace              ||    26
       Headbutt          ||     1
Armor: Ring mail         ||     9
Dodge: Dodged            ||    19
